 Dungeon Crawl Stone Soup version 0.30-a0-711-gf4ac18a38d (webtiles) character file.

Game seed: 7244331276941110583

170 omnomnOMINOUS the Shooter (level 5, -4/36 HPs)
             Began as an Octopode Wanderer on Jan 22, 2023.
             Killed from afar by an orc wizard (8 damage)
             ... with a magic dart
             ... on level 3 of the Dungeon.
             The game lasted 00:06:34 (2316 turns).

omnomnOMINOUS the Shooter (Octopode Wanderer)       Turns: 2316, Time: 00:06:35

Health: -4/36      AC:  1    Str:  9    XL:     5   Next: 50%
Magic:  9/9        EV: 14    Int: 15    God:
Gold:   119        SH:  0    Dex: 15    Spells: 8/10 levels left

rFire   . . .      SeeInvis .    a - +2 sling
rCold   x . .      Faith    .    (no shield)
rNeg    . . .      Spirit   .    l - +0 hat
rPois   .          Reflect  .    (no amulet)
rElec   +          Harm     .    o - ring of resist corrosion
rCorr   +          Rampage  .    (no ring)
Will    .....                    (no ring)
Stlth   ++                       (no ring)
HPRegen 0.26/turn                (no ring)
MPRegen 0.11/turn                (no ring)
                                 (no ring)
                                 (no ring)

@: no status effects
A: almost no armour, amphibious, 8 rings, camouflage 1, gelatinous body 1,
(nimble swimmer 1), tentacles, beak, electricity resistance, no potion heal 1,
cold vulnerability 1
a: no special abilities


You were on level 3 of the Dungeon.
You visited 1 branch of the dungeon, and saw 3 of its levels.

You collected 119 gold pieces.

Inventory:

Hand Weapons
 a - a +2 sling (weapon)
 c - a +1 dagger of holy wrath
 i - a +0 flail of venom
Missiles
 e - 4 silver javelins
Armour
 l - a +0 hat (worn)
Magical Staves
 b - a staff of cold
Jewellery
 o - a ring of resist corrosion (left tentacle)
Scrolls
 f - a scroll of fog {unknown}
 g - a scroll of blinking {unknown}
 h - a scroll of fear {unknown}
 j - 2 scrolls of noise {unknown}
 m - a scroll of teleportation {unknown}
 n - a scroll of magic mapping {unknown}
 p - a scroll of vulnerability {unknown}
 q - a scroll of summoning {unknown}
 r - a scroll of identify {unknown}
Potions
 s - a potion of berserk rage {unknown}


   Skills:
 + Level 2.8 Fighting
 + Level 3.5 Ranged Weapons
 + Level 2.7 Dodging
 + Level 3.1 Spellcasting
 - Level 2.0 Ice Magic
 - Level 1.1 Evocations


You had 8 spell levels left.
You knew the following spells:

 Your Spells              Type           Power      Damage    Failure   Level
a - Freeze                Ice            32%        1d5       9%          1
b - Apportation           Tloc           4%         N/A       21%         1

Your spell library contained the following spells:

 Spells                   Type           Power      Damage    Failure   Level
 Frozen Ramparts          Ice            16%        1d3       26%         3
 Cigotuvi's Dreadful Rot  Necr/Pois/Air  4%         N/A       30%         2
 Poisonous Vapours        Pois/Air       4%         N/A       30%         2
 Mephitic Cloud           Conj/Pois/Air  2%         N/A       52%         3
 Alistair's Intoxication  Tmut/Pois      1%         N/A       99%         5


Dungeon Overview and Level Annotations

Branches:
Dungeon (3/15)

Altars:
Qazlal

Shops:
D:1 :?


Innate Abilities, Weirdness & Mutations

You cannot wear most types of armour.
You are amphibious.
You can wear up to eight rings at the same time.
Your skin changes colour to match your surroundings (Stealth+).
Your rubbery body absorbs attacks. (AC +1, EV +1)
((You are camouflaged when in or above water. (Stealth+)))
You have tentacles for arms and can constrict up to eight enemies at once.
You have a beak for a mouth.
You are resistant to electric shocks. (rElec)
Potions are less effective at restoring your health.
You are vulnerable to cold. (rC-)


Message History

The orc wizard is severely wounded.
The orc hits you with a +0 dagger.
The orc wizard hits you with a +0 dagger.
You shoot a sling bullet.
The sling bullet closely misses the orc wizard.
The orc wizard hits you but does no damage.
The orc hits you with a +0 dagger.
You shoot a sling bullet. The sling bullet hits the orc wizard.
The orc wizard is almost dead.
The orc hits you with a +0 dagger.
The orc wizard gestures at you while chanting.
The puff of flame hits you! The orc closely misses you.
The orc wizard hits you with a +0 dagger.
You shoot a sling bullet.
The sling bullet barely misses the orc wizard.
The orc wizard hits you with a +0 dagger.
The orc closely misses you.
You are too injured to fight recklessly!
You are too injured to fight recklessly!
Fire: a) +2 sling
Press: ? - help, Q - select action, (/) - cycle Shift-Dir - straight line, f/p - orc wizard
Aim: an orc wizard, wielding a +0 dagger and wearing a +0 robe (almost dead, 53% to hit)
You shoot a sling bullet.
The sling bullet completely misses the orc wizard.
The orc hits you with a +0 dagger. The orc wizard casts a spell at you.
The puff of flame hits you!
* * * LOW HITPOINT WARNING * * *
It was a potion of cancellation.
You feel magically purged.
The orc wizard hits you with a +0 dagger.
* * * LOW HITPOINT WARNING * * *
The orc closely misses you.
It was a potion of mutation.
You feel extremely strange.
You feel insulated.
Your system partially rejects the healing effects of potions.
You feel vulnerable to cold.
Your mouth lengthens and hardens into a beak!
The orc wizard points at you and mumbles some strange words.
The magic dart hits you!
You die...

#.....)..#
###.####.# #.# #.#
#.# #.# #.## #.#
#..###.###########
##...#...#.<.......
#.oo.....(.########
########@..#...###
#...).))......##
####.#####...##.##
#....# #...##.#####
#.##.# #..........#
#.##.# #...##.###.#
#.##.#####...##.#
#.#
#.##.........##.#
#.#
#.#########..##.#
#.########


You could see an orc wizard and an orc.

Vanquished Creatures
  An orc priest (D:3)
  An orc wizard (D:3)
  6 adders
  A dart slug (D:1)
  3 orcs (D:3)
  6 endoplasms
  A giant cockroach (D:3)
  6 goblins
  5 hobgoblins
  A jackal (D:2)
  3 quokkas (D:1)
  4 ball pythons
  6 bats
  2 frilled lizards (D:2)
  6 kobolds
  A rat (D:2)
53 creatures vanquished.

Notes
Turn   | Place    | Note
-------+----------+-------------------------------------------
     0 | D:1      | omnomnOMINOUS the Octopode Wanderer began the quest for the
                  | Orb.
     0 | D:1      | omnomnOMINOUS set off with the following items: a +2 sling,
                  | a +0 hat, a potion of heal wounds; and the following spell
                  | memorised: Freeze; and the following spells available to
                  | memorise: Frozen Ramparts.
     0 | D:1      | Reached XP level 1. HP: 13/13 MP: 3/3
   132 | D:1      | Reached XP level 2. HP: 15/18 MP: 5/5
   417 | D:1      | Found Vuoh's Magic Scroll Boutique.
   700 | D:1      | Found Nizo's Vocational Training.
   830 | D:2      | Reached XP level 3. HP: 24/24 MP: 6/6
  1104 | D:2      | Learned a level 1 spell: Apportation
  1228 | D:2      | Found a stormy altar of Qazlal.
  1524 | D:3      | Reached XP level 4. HP: 29/29 MP: 8/8
  1882 | D:3      | Reached XP level 5. HP: 16/35 MP: 5/9
  2316 | D:3      | Gained mutation: You are resistant to electric shocks.
                  | (rElec) [potion of mutation]
  2316 | D:3      | Gained mutation: Potions are less effective at restoring
                  | your health. [potion of mutation]
  2316 | D:3      | Gained mutation: You are vulnerable to cold. (rC-) [potion
                  | of mutation]
  2316 | D:3      | Gained mutation: You have a beak for a mouth. [potion of
                  | mutation]
  2316 | D:3      | Killed from afar by an orc wizard

Illustrated notes

Levels and vault maps discovered:
D:1:      dpeg_arrival_more_subterranean_lakeside_camping, layout_loops_ring,
          serial_shops, shop, nicolae_shop_vocational
D:2:      layout_basic, basic_altar, hangedman_decor_growths, roderic_lattice_a,
          hangedman_feature_mirror
D:3:      layout_loops_ring, kennysheep_generic_room_4

Skill      XL: |  1  2  3  4 |
---------------+-------------+-----
Fighting       | 2 |  2.8
Dodging        | 2 |  2.7
Spellcasting   | 3 |  3.1
Ranged Weapons | |  3.5
Ice Magic      | |  2.0
Evocations     | |  1.1

Action                     |  1- 3 |  4- 6 || total
---------------------------+-------+-------++-------
  Melee: Unarmed           |       |     2 ||     2
   Fire: Sling             |    86 |    58 ||   144
   Cast: Freeze            |       |    19 ||    19
    Use: Potion            |       |     5 ||     5
 Armour: Skin              |     6 |     5 ||    11
  Dodge: Dodged            |    10 |    44 ||    54

Table legend: (Time is in decaauts)
 A = Elapsed time spent in this place.
 B = Non-inter-level travel time spent in this place.
 C = Inter-level travel time spent in this place.
 D = Time resting spent in this place.
 E = Time spent auto-exploring this place.
 F = Levels seen in this place.
 G = Mean time per level.
                   A        B        C        D        E       F      G
               +--------+--------+--------+--------+--------+-----+--------+
         Total |   2345 |   2292 |     53 |    226 |   1697 |   3 |  781.7 |
       Dungeon |   2345 |   2292 |     53 |    226 |   1697 |   3 |  781.7 |
               +--------+--------+--------+--------+--------+-----+--------+

Top non-repeatable levels by time:
     D:3: 889 daAuts
     D:1: 796 daAuts
     D:2: 659 daAuts
